 Dungeon Crawl Stone Soup version 0.31-a0-960-g0fca184906 (webtiles) character file.

Game seed: 14720274671235209541

11 Azuregosa the Sneak (level 2, -2/21 HPs)
             Began as an Octopode Delver on Oct 23, 2023.
             Was an Initiate of Vehumet.
             Slain by an adder (3 damage)
             ... on level 5 of the Dungeon.
             The game lasted 00:01:21 (91 turns).

Azuregosa the Sneak (Octopode Delver)                 Turns: 91, Time: 00:01:22

Health: -2/21      AC:  1    Str: 11    XL:     2   Next: 29%
Magic:  2/2        EV: 13    Int: 12    God:    Vehumet [......]
Gold:   28         SH:  0    Dex: 13    Spells: 1/1 levels left

rFire   . . .        a - +0 short sword
rCold   . . .        (no shield)
rNeg    . . .        (helmet restricted)
rPois   .            (no amulet)
rElec   .            (no ring)
rCorr   .            (no ring)
SInv    .            (no ring)
Will    .....        (no ring)
Stlth   ++++         (no ring)
HPRegen 0.23/turn    (no ring)
MPRegen 0.08/turn    (no ring)
                     (no ring)

%: no passive effects
@: lethally poisoned (-2 -> -10)
A: almost no armour, amphibious, 8 rings, camouflage 1, gelatinous body 1,
(nimble swimmer 1), tentacles
a: Renounce Religion


You were on level 5 of the Dungeon.
You worshipped Vehumet.
Vehumet was noncommittal.
You visited 1 branch of the dungeon, and saw 2 of its levels.

You collected 28 gold pieces.

Inventory:

Hand Weapons
 a - a +0 short sword (weapon)
Wands
 f - a wand of digging (3)
Scrolls
 b - a scroll of fog
 d - a scroll of fear
Potions
 e - a potion of haste


   Skills:
 - Level 3.0 Fighting
 - Level 2.0 Short Blades
 - Level 2.0 Dodging
 + Level 7.3 Stealth


You had one spell level left.
You didn't know any spells.
Your spell library was empty.

Dungeon Overview and Level Annotations

Branches:
Dungeon (6/15)
 Temple: D:4-7

Altars:
Kikubaaqudgha
Uskayaw
Vehumet
Yredelemnul

Shops:
D:5 (


Innate Abilities, Weirdness & Mutations

You cannot wear most types of armour.
You are amphibious.
You can wear up to eight rings at the same time.
Your skin changes colour to match your surroundings (Stealth+).
Your rubbery body absorbs attacks. (AC +1, EV +1)
((You are camouflaged when in or above water. (Stealth+)))
You have tentacles for arms and can constrict up to eight enemies at once.


Message History

You open the door.
Found Muniush's Antique Weapon Emporium.
There is an open door here.
There is an entrance to Muniush's Antique Weapon Emporium here.
You can access your shopping list by pressing '$'.
You open the door.
There is an open door here.
An adder comes into view.
Found a leather armour.
Found a stone staircase leading up.
An adder comes into view.
The adder hisses angrily. x2
The adder completely misses you.
You hit the adder. Your grab misses the adder.
The adder is moderately wounded.
The adder bites you. The adder closely misses you.
You hit the adder. Your grab misses the adder.
The adder is heavily wounded.
The adder bites you.
You are poisoned.
The adder poisons you! The adder bites you but does no damage.
The adder bites you.
You barely miss the adder. You grab the adder.
The adder is heavily wounded.
You constrict the adder.
You feel sick. The adder bites you.
You are lethally poisoned!
The adder poisons you! The adder bites you.
* * * LOW HITPOINT WARNING * * *
You hit the adder.
The adder is severely wounded.
You constrict the adder.
* * * LOW HITPOINT WARNING * * *
You feel very sick. The adder barely misses you. The adder misses you.
You hit the adder.
You kill the adder!
Vehumet accepts your kill.
* * * LOW HITPOINT WARNING * * *
You feel sick. The adder closely misses you. The adder bites you.
You die...

**,,,,,,** *,,* ***,,,,,,,*###..*
**### ,*,,,>,,,*##....* *...#*
,*,,,,,,,##.....####....* **
,,,,,,,,,..............#**## *,
,*,,,,,,,...........#..###.## **,
,*,,,,,,,,,#<.......##......# *,,
,,,,,,,,,,*#...†...........##**,,
,*,,,,,,,,.##...@..##.......#*,,,
***,,,,,,.......S...#....#+###,,.
**,,,,,,,.......#........'∩+.#,..
**,,,,,,,.###...........##'#.#...
***,,,,*,,,..#......###.##......#
,,,,,,,,,,...#..............##..#
**,*,,,,*...#......###......#*#..
,,,*,**,,..,##....[.#.......##...
,,,,,***,,,,.................#.##


You could see an adder.

Vanquished Creatures
  2 adders (D:5)
  An orc (D:5)
3 creatures vanquished.

Notes
Turn   | Place    | Note
-------+----------+-------------------------------------------
     0 | D:5      | Azuregosa the Octopode Delver began the quest for the Orb.
     0 | D:5      | Reached XP level 1. HP: 16/16 MP: 1/1
     0 | D:5      | Noticed a scorpion
     0 | D:5      | Noticed an iguana
    22 | D:5      | Found an ancient bone altar of Kikubaaqudgha.
    22 | D:5      | Found a hide-covered altar of Uskayaw.
    26 | D:5      | Reached skill level 7 in Stealth
    26 | D:5      | Reached XP level 2. HP: 21/21 MP: 2/2
    34 | D:5      | Found a basalt altar of Yredelemnul.
    36 | D:5      | Found a radiant altar of Vehumet.
    56 | D:5      | Became a worshipper of Vehumet
    73 | D:5      | Found Muniush's Antique Weapon Emporium.
    91 | D:5      | HP: 1/21 [poisoned by an adder]
    91 | D:5      | Slain by an adder

Illustrated notes

Levels and vault maps discovered:
D:5:      minmay_polygon_palace, layout_cave_pools,
          nicolae_overflow_macrodata_refinement, serial_shops,
          nicolae_shop_behind_doors, amcnicky_mini_pool_medium
D:6:      layout_gridville, nicolae_qazlal_style_of_elements,
          minmay_temple_entry_overgrown, grunt_ministairs_15,
          doesnt_shop_hydraphobe

Skill      XL: |  1 |
---------------+----+-----
Stealth        | 7 |  7.3
Fighting       | |  3.0
Short Blades   | |  2.0
Dodging        | |  2.0

Action                     || total
---------------------------++-------
  Melee: Short sword       ||     7
         Constrict         ||     1
    Use: Scroll            ||     1
   Stab: Sleeping          ||     2
 Armour: Skin              ||     7
  Dodge: Dodged            ||     5

Table legend: (Time is in decaauts)
 A = Elapsed time spent in this place.
 B = Non-inter-level travel time spent in this place.
 C = Inter-level travel time spent in this place.
 D = Time resting spent in this place.
 E = Time spent auto-exploring this place.
 F = Levels seen in this place.
 G = Mean time per level.
                   A        B        C        D        E       F      G
               +--------+--------+--------+--------+--------+-----+--------+
         Total |     90 |     90 |      0 |      0 |      0 |   2 |   45.0 |
       Dungeon |     90 |     90 |      0 |      0 |      0 |   2 |   45.0 |
               +--------+--------+--------+--------+--------+-----+--------+

Top non-repeatable levels by time:
     D:5: 88 daAuts
     D:6: 1 daAuts
